 Dungeon Crawl Stone Soup version 0.17.1-3-g152610e (webtiles) character file.

102 WarriorsX the Magician (level 5, -4/35 HPs)
             Began as a Human Wizard on Mar 5, 2016.
             Slain by a worm (12 damage)
             ... on level 3 of the Dungeon.
             The game lasted 00:12:50 (4479 turns).

WarriorsX the Magician (Human Wizard)               Turns: 4479, Time: 00:12:50

Health: -4/35      AC:  1    Str:  7    XL:     5   Next: 5%
Magic:  1/12       EV: 12    Int: 20    God:
Gold:   55         SH:  0    Dex: 11    Spells: 1 memorised, 13 levels left

rFire  . . .     SeeInvis .     (no weapon)
rCold  . . .     Clarity  .     a - +0 robe
rNeg   . . .     SustAt   .     (no shield)
rPois  +         Gourm    .     b - +1 hat
rElec  .         Spirit   .     (no cloak)
rCorr  .         Warding  .     (no gloves)
rMut   .         Stasis   .     (no boots)
MR     .....                    (no amulet)
Stlth  ++........               e - -2 ring of protection (curse)
                                g - ring of poison resistance

@: not resistant to hostile enchantments, unstealthy
A: no striking features
a: no special abilities


You were on level 3 of the Dungeon.
You were not hungry.

You visited 1 branch of the dungeon, and saw 3 of its levels.

You collected 55 gold pieces.

Inventory:

Armour
 a - a +0 robe (worn)
 b - a +1 hat (worn)
 h - a +0 robe
Jewellery
 e - a cursed -2 ring of protection (right hand)
 g - a ring of poison resistance (left hand)
 k - a +4 ring of strength
 o - an uncursed amulet of warding {unknown}
Scrolls
 f - 2 scrolls of enchant armour
 n - a scroll of identify
 s - a scroll of recharging {unknown}
Potions
 i - 2 potions of poison {unknown}
 p - a potion of heal wounds {unknown}
 r - a potion of degeneration {unknown}
 t - a potion of curing
 u - a potion of invisibility {unknown}
Books
 c - a book of Minor Magic

   Spells                             Type                      Level
   a - Magic Dart                     Conjuration                  1
   b - Blink                          Translocation                2
   c - Call Imp                       Summoning                    2
   d - Repel Missiles                 Charms/Air                   2
   e - Slow                           Hexes                        2
   f - Conjure Flame                  Conjuration/Fire             3
   g - Mephitic Cloud                 Conjuration/Poison/Air       3
Miscellaneous
 m - a plain deck of defence
Comestibles
 d - 4 bread rations
 j - a meat ration
 l - a beef jerky
 q - a chunk of flesh
 v - a slice of pizza


   Skills:
 - Level 2.0 Dodging
 - Level 2.0 Stealth
 - Level 5.0 Spellcasting
 + Level 1.1 Conjurations
   Level 1.0 Summonings
   Level 1.0 Translocations


You had 13 spell levels left.
You knew the following spells:

 Your Spells              Type           Power        Failure   Level  Hunger
a - Magic Dart            Conj           #...         10%         1    None


Dungeon Overview and Level Annotations

Branches:
Dungeon (3/15)

Altars:
Nemelex Xobeh


Message History

The magic dart hits the worm.
The worm is almost dead.
An adder comes into view.
You hit the worm but do no damage.
The worm is almost dead.
The worm completely misses you.
You barely miss the worm.
The worm is severely wounded.
You barely miss the worm.
The worm is severely wounded.
The worm closely misses you.
You hit the worm.
The worm is severely wounded.
The worm closely misses you.
You hit the worm.
The worm is almost dead.
You completely miss the worm.
The worm is almost dead.
The worm bites you!
You die...

#>gl....#
#.##.....((.# ##
######..#
#.##..####### #. #..#
#.##..# #. #..#
#.##..# #. #####..#
#.##..##### ####.
#......####.##.......
.....
#.####....)..........
#. #.#
######.#.####### #.
##.## #@#.# #. #...#
#w#w# ###.#.###
##S#.#
#...#...#####...<#
#.#####..........# #.
#...#...#####...## #.
###.#.###
##.################
...
#.......(.........
#####
##################


You could see a worm and an adder.

Vanquished Creatures
  Jessica (D:2)
  2 adders (D:2)
  A ball python (D:1)
  5 bats
  6 giant cockroaches
  5 hobgoblins
  3 jackals (D:1)
  A quokka (D:3)
  6 giant newts
  8 goblins
  9 kobolds
  12 rats
59 creatures vanquished.

Notes
Turn   | Place    | Note
--------------------------------------------------------------
     0 | D:1      | WarriorsX the Human Wizard began the quest for the Orb.
     0 | D:1      | Reached XP level 1. HP: 13/13 MP: 4/4
   256 | D:1      | Reached XP level 2. HP: 19/19 MP: 0/6
   863 | D:1      | Reached XP level 3. HP: 24/24 MP: 2/8
  1075 | D:1      | Reached skill level 4 in Spellcasting
  1934 | D:2      | Reached XP level 4. HP: 5/30 MP: 0/10
  2317 | D:2      | Noticed Jessica
  2329 | D:2      | Killed Jessica
  2518 | D:2      | Found a sparkling altar of Nemelex Xobeh.
  3992 | D:2      | Reached skill level 5 in Spellcasting
  3992 | D:2      | Reached XP level 5. HP: 9/35 MP: 1/12
  4479 | D:3      | Slain by a worm

Action                   |  1- 3 |  4- 6 || total
-------------------------+-------+-------++-------
Melee: Unarmed           |    13 |    25 ||    38
 Cast: Magic Dart        |    86 |   132 ||   218
  Use: Scroll            |     2 |     4 ||     6
  Eat: Chunk             |     3 |     6 ||     9
       Beef jerky        |       |     1 ||     1
